 Dungeon Crawl Stone Soup version 0.27-a0-1324-ge0d8e047f6 (webtiles) character file.

Game seed: 7880809333479163453

83 dinky3 the Skirmisher (level 4, -3/39 (40) HPs)
             Began as a Draconian Abyssal Knight on June 24, 2021.
             Was a Believer of Lugonu.
             Slain by a gnoll (8 damage)
             ... on level 2 of the Dungeon.
             The game lasted 00:02:43 (1529 turns).

dinky3 the Skirmisher (Draconian Abyssal Knight)    Turns: 1529, Time: 00:02:44

HP:   -3/39 (40)    AC:  5    Str: 15    XL:     4   Next: 22%
MP:   5/5           EV: 12    Int: 13    God:    Lugonu [**....]
Gold: 140           SH:  0    Dex: 10    Spells: 3/3 levels left

rFire    . . .     SeeInvis .   b - +2 dagger (flame)
rCold    . . .     Faith    .   (no shield)
rNeg     . . .     Spirit   .   (armour unavailable)
rPois    .         Reflect  .   (helmet restricted)
rElec    .         Harm     .   (no cloak)
rCorr    .         Rampage  .   (no gloves)
Will     .....                  (no boots)
Stlth    +.........             (no amulet)
HPRegen  0.13/turn              (no ring)
MPRegen  0.09/turn              (no ring)

@: lightly drained
A: AC +5, unfitting armour, cold-blooded
a: Renounce Religion, Depart the Abyss, Bend Space


You were on level 2 of the Dungeon.
You worshipped Lugonu.
Lugonu was pleased with you.
You visited 1 branch of the dungeon, and saw 3 of its levels.
You visited the Abyss 1 time.

You collected 140 gold pieces.

Inventory:

Hand Weapons
 b - a +2 dagger of flaming (weapon)
Missiles
 j - 21 poisoned darts
Scrolls
 c - a scroll of brand weapon
Potions
 a - a potion of cancellation
 d - a potion of resistance {unknown}
 g - a potion of flight {unknown}
 h - a potion of mutation {unknown}
 i - a potion of degeneration {unknown}


   Skills:
 + Level 4.1 Fighting
 * Level 2.5 Short Blades
 - Level 2.7 Polearms
 - Level 2.1 Dodging
 - Level 2.0 Invocations


You had 3 spell levels left.
You didn't know any spells.
Your spell library was empty.

Dungeon Overview and Level Annotations

Branches:
Dungeon (3/15)

Altars:
Elyvilon

Shops:
D:1 :

Annotations:
D:3 Robin


Innate Abilities, Weirdness & Mutations

Your plain brown scales are hard. (AC +5)
You cannot fit into any form of body armour.
You are cold-blooded and may be slowed by cold attacks.


Message History

The goblin shoots a stone.
The stone hits you.
The goblin shoots a stone.
The stone misses you.
Found 2 scrolls labelled IHI HE TAYM.
A hobgoblin comes into view.
The hobgoblin shouts!
An adder comes into view.
The endoplasm quivers.
The adder hisses angrily.
You hit the endoplasm but do no damage. The goblin barely misses you.
The endoplasm barely misses you.
Found 3 scrolls labelled WOCINIBLUPROMP.
The endoplasm jiggles.
The endoplasm hits you.
There is a stone staircase leading up here.
You climb upwards.
The gnoll closely misses you. The gnoll misses you.
The gnoll completely misses you. The gnoll hits you with a +0 flail!
* * * LOW HITPOINT WARNING * * *
There is a stone staircase leading down here.
Unknown command.
As you read the scroll labelled POUROCKU LEVEJ, it crumbles to dust.
It is a scroll of brand weapon.
Your +2 dagger of electrocution is engulfed in flames!
b - a +2 dagger of flaming (weapon)
The hobgoblin hits you but does no damage.
The gnoll barely misses you. The goblin closely misses you.
The gnoll closely misses you.
Unknown command.
Okay, then.
This is a scroll of acquirement!
Something appears at your feet! The hobgoblin misses you.
The gnoll hits you with a +1 flail of draining.
* * * LOW HITPOINT WARNING * * *
You feel drained. The goblin hits you but does no damage.
The gnoll closely misses you.
As you read the scroll labelled LOPROTRO TAREKK, it crumbles to dust.
It is a scroll of identify.
a - a potion of cancellation The hobgoblin closely misses you.
The gnoll hits you with a +1 flail of draining!
You die...

.......##...g.(#.#
.......######.##.#
###....######..#.#
#....#......g..#.
#....#.........#.#
#....#.........#.#+###
#....#.........#.....#
#....#.......gg#.....#
###....#.......g@#.....#
...............#g#..†..#####
###....#######.#.#..........
############.#.......#####
#######.....##.#..#........#
............##.#.....#####.#
............##...###.....#
............##.#.#[#.#..##
.................#.#.....#


You could see 3 gnolls, a hobgoblin and a goblin.

Vanquished Creatures
  A hound (D:2)
  A dart slug (D:2)
  6 ball pythons
  8 bats
  2 endoplasms (D:2)
  2 giant cockroaches (D:2)
  5 goblins
  A hobgoblin (D:1)
  4 jackals (D:1)
  3 kobolds (D:1)
  5 quokkas
  7 rats
45 creatures vanquished.

Vanquished Creatures (others)
  6 fungi (D:2)
  3 toadstools (D:2)
9 creatures vanquished.

Grand Total: 54 creatures vanquished

Notes
Turn   | Place    | Note
-------+----------+-------------------------------------------
     0 | Abyss:1  | dinky3 the Draconian Abyssal Knight began the quest for the
                  | Orb.
     0 | Abyss:1  | Reached XP level 1. HP: 19/19 MP: 2/2
     0 | D:1      | Escaped the Abyss
    70 | D:1      | Reached * piety under Lugonu
    95 | D:2      | Reached XP level 2. HP: 10/26 MP: 3/3
   588 | D:1      | Found a white marble altar of Elyvilon.
   648 | D:1      | Reached skill level 1 in Short Blades
   652 | D:1      | Found Pudy's Book Shoppe.
   744 | D:1      | Reached XP level 3. HP: 32/33 MP: 4/4
   968 | D:2      | Reached skill level 4 in Fighting
   968 | D:2      | Reached XP level 4. HP: 21/40 MP: 5/5
  1277 | D:2      | Reached ** piety under Lugonu
  1469 | D:3      | Noticed Robin
  1528 | D:2      | Identified a scroll of acquirement
  1528 | D:2      | Acquired 938 gold pieces
  1529 | D:2      | Slain by a gnoll

Illustrated notes

Levels and vault maps discovered:
D:1:      sevenhm_arrival_forest_fort_small_6, layout_basic, serial_shops, shop,
          minmay_pentomino_w2
D:2:      layout_basic, ebering_ecumenical_altar_petrified,
          minmay_gold_behind_fungi, minmay_misc_feat_room,
          minmay_fractal_squares_5
D:3:      layout_loops_ring, gammafunk_temple_overflow_pools, item_on_display_a,
          uniq_grinder, uniq_robin, uniq_terence

Skill      XL: |  1  2  3 |
---------------+----------+-----
Short Blades   | 1 2 |  2.5
Fighting       | 4 |  4.1
Polearms       | |  2.7
Dodging        | |  2.1
Invocations    | |  2.0

Action                   |  1- 3 |  4- 6 || total
-------------------------+-------+-------++-------
Melee: Spear             |    37 |       ||    37
       Tailslap          |     6 |     3 ||     9
       Dagger            |    54 |    31 ||    85
Invok: Depart the Abyss  |     1 |       ||     1
  Use: Scroll            |       |     3 ||     3
Armor: Skin              |    51 |    10 ||    61
Dodge: Dodged            |    97 |    31 ||   128

Table legend: (Time is in decaauts)
 A = Elapsed time spent in this place.
 B = Non-inter-level travel time spent in this place.
 C = Inter-level travel time spent in this place.
 D = Time resting spent in this place.
 E = Time spent auto-exploring this place.
 F = Levels seen in this place.
 G = Mean time per level.
                   A        B        C        D        E       F      G
               +--------+--------+--------+--------+--------+-----+--------+
         Total |   1524 |   1510 |     14 |    415 |    731 |   4 |  381.0 |
       Dungeon |   1524 |   1510 |     14 |    415 |    731 |   3 |  508.0 |
         Abyss |      0 |      0 |      0 |      0 |      0 |   1 |    0.0 |
               +--------+--------+--------+--------+--------+-----+--------+

Top non-repeatable levels by time:
     D:2: 856 daAuts
     D:1: 611 daAuts
     D:3: 56 daAuts
